 Dungeon Crawl Stone Soup version 0.21.1-1-g345015f (webtiles) character file.

4424 OldarM the Fighter (level 10, -1/91 HPs)
             Began as a Minotaur Berserker on June 13, 2018.
             Was an Elder of Trog.
             Slain by a death yak (7 damage)
             ... on level 8 of the Dungeon on June 22, 2018.
             The game lasted 01:13:29 (8641 turns).

OldarM the Fighter (Minotaur Berserker)             Turns: 8641, Time: 01:13:30

Health: -1/91      AC: 13    Str: 21    XL:     10   Next: 14%
Magic:  9/9        EV: 21    Int:  4    God:    Trog [****..]
Gold:   199        SH:  0    Dex: 19    Spells: 9/9 levels left

rFire    . . .     SeeInvis .   j - +0 war axe
rCold    + + .     Gourm    .   (no shield)
rNeg     . . .     Faith    .   g - +1 scale mail
rPois    +         Spirit   .   (helmet restricted)
rElec    .         Reflect  .   c - +1 cloak
rCorr    .         Harm     .   (no gloves)
MR       .....                  y - +0 pair of boots
Stlth    +.........             w - amulet "Xilexkim" {Inacc *Corrode rPois rC+}
HPRegen  0.25/turn              C - ring of protection from cold
MPRegen  0.11/turn              (no ring)

@: agile, berserk cooldown, slowed, very slow
A: retaliatory headbutt, horns 2
a: Berserk, Trog's Hand, Brothers in Arms, Burn Spellbooks, Renounce Religion


You were on level 8 of the Dungeon.
You worshipped Trog.
Trog was greatly pleased with you.
You were not hungry.

You visited 1 branch of the dungeon, and saw 8 of its levels.

You collected 264 gold pieces.
You spent 65 gold pieces at shops.

Inventory:

Hand Weapons
 j - a +0 war axe (weapon)
   (You took it off an orc on level 4 of the Dungeon)
 H - a +2 flail of protection
   (You took it off an orc on level 6 of the Dungeon)
 K - a +2 scimitar
   (You took it off a wight on level 7 of the Dungeon)
 L - a +2 hand axe of freezing
   (You took it off a wight on level 7 of the Dungeon)
 M - a +2 whip of electrocution
   (You took it off Pikel on level 7 of the Dungeon)
 N - a +4 quarterstaff of chaos
   (You took it off Crazy Yiuf on level 7 of the Dungeon)
Missiles
 t - 41 bolts
Armour
 b - a +0 animal skin
 c - a +1 cloak (worn)
   (You took it off Crazy Yiuf on level 7 of the Dungeon)
 g - a +1 scale mail (worn)
   (You found it on level 1 of the Dungeon)
 i - a +0 leather armour
   (You took it off an orc on level 4 of the Dungeon)
 y - a +0 pair of boots (worn)
   (You found it on level 5 of the Dungeon)
 I - a +0 cloak
   (You found it on level 7 of the Dungeon)
Jewellery
 w - the amulet "Xilexkim" (around neck) {Inacc *Corrode rPois rC+}
   (You found it on level 7 of the Dungeon)

   [amulet of inaccuracy]

   It reduces the accuracy of all your attacks.
   It protects you from cold.
   It protects you from poison.
   It may corrode you when you take damage.
 C - a ring of protection from cold (left hand)
   (You found it on level 1 of the Dungeon)
Wands
 u - a wand of paralysis (3)
   (You found it on level 5 of the Dungeon)
 v - a wand of polymorph (27)
   (You found it on level 5 of the Dungeon)
 x - a wand of acid (6)
   (You took it off an orc on level 6 of the Dungeon)
Scrolls
 f - 3 scrolls of remove curse {@r2}
 k - 3 scrolls of identify {@r1}
 m - 3 scrolls of teleportation {@r4}
 n - 2 scrolls of amnesia
 q - a scroll of enchant weapon {unknown}
 z - a scroll of blinking {unknown}
 A - a scroll of immolation {unknown}
 D - a scroll of enchant armour
 F - a scroll of fog {unknown}
 G - a scroll of summoning {unknown}
Potions
 d - a potion of brilliance {unknown}
 h - 2 potions of curing {@q1}
 l - 2 potions of ambrosia {unknown}
 o - a potion of lignification {unknown}
 p - a potion of haste {unknown}
 r - 3 potions of might
 s - a potion of degeneration {unknown}
 B - a potion of heal wounds {unknown}
 E - a potion of cancellation {unknown}
 J - 2 potions of agility
Comestibles
 a - 6 chunks of flesh
 e - 5 rations {!d}


   Skills:
 + Level 9.6 Fighting
 + Level 9.6 Axes
 + Level 9.2 Armour
 + Level 8.4 Dodging


You had 9 spell levels left.
You didn't know any spells.

Dungeon Overview and Level Annotations

Branches:
Dungeon (8/15)             Temple (0/1) D:5            Lair (0/6) D:8

Altars:
Fedhas

Shops:
D:5 %


Innate Abilities, Weirdness & Mutations

You reflexively headbutt those who attack you in melee.
You have a pair of horns on your head.


Message History

Okay, then.
A red film seems to cover your vision as you go berserk!
You feel yourself moving faster!
You feel mighty!
You feel quite a bit more hungry. The death yak gores you.
You slash the death yak! The death yak gores you!!
You slash the death yak! The death yak closely misses you.
You barely miss the death yak. You headbutt the death yak!
You hit the death yak. You headbutt the death yak!
The death yak closely misses you. You furiously retaliate!
You headbutt the death yak. You hit the death yak.
The death yak closely misses you. You furiously retaliate!
You headbutt the death yak. You barely miss the death yak.
You kill the death yak!
Trog accepts your kill.
Your Armour skill increases to level 9!
You have reached level 10!
You closely miss the death yak. The death yak gores you.
* * * LOW HITPOINT WARNING * * *
You are too injured to fight recklessly!
You are too injured to fight recklessly!
You are too injured to fight recklessly!
You are too injured to fight recklessly!
You slice the death yak!! Your headbutt misses the death yak.
You slice the death yak!! You headbutt the death yak. The death yak gores you!
* * * LOW HITPOINT WARNING * * *
You feel a strong urge to attack something.
You feel your anger nearly subside.
You are no longer berserk.
You are exhausted.
You feel yourself slow down. The death yak closely misses you.
Things that are here:
a leather armour; a short sword; a leather armour The death yak completely misses you.
You furiously retaliate!
You headbutt the death yak.
Things that are here:
a dagger; a robe The death yak gores you but does no damage.
The death yak gores you!
* * * LOW HITPOINT WARNING * * *
There is a stone staircase leading up here.
The death yak gores you!!
* * * LOW HITPOINT WARNING * * *
Unknown command.
It was a potion of agility.
You feel agile all of a sudden. The death yak gores you.
* * * LOW HITPOINT WARNING * * *
The death yak gores you!
You die...

####### ####
#.....# ##...
#.###.# ##.###
#@# #.#######.##
#
#Y###.#.......#
#.#.....#####.##
# #.#.#.###
##...### #..)..#
#....... ###)###
##...### #.#
##<## #[# #.# .
.. #.# #.#


You could see a death yak.

Vanquished Creatures
  A death yak (D:8)
  Pikel (D:7)
  A cyclops (D:7)
  The ghost of doot the Digger, a novice FoEE (D:6)
  A hungry ghost (D:7)
  Menkaure (D:7)
  A porcupine (D:8)
  Duvessa (D:7)
  An orc warrior (D:6)
  3 slaves (D:7)
  The ghost of Merlin the Skirmisher, an amateur DsCK of Xom (D:3)
  3 ogres
  A big kobold (D:7)
  3 bullfrogs (D:7)
  Dowan (D:7)
  A scorpion (D:5)
  3 killer bees (D:7)
  2 howler monkeys (D:5)
  4 wights (D:7)
  2 crimson imps (D:7)
  8 orc priests
  Crazy Yiuf (D:7)
  A bullfrog skeleton (D:7)
  3 hounds
  5 orc wizards
  2 iguanas (D:7)
  4 worker ants (D:4)
  A worker ant zombie (D:5)
  7 adders
  A shadow imp (D:7)
  4 oozes
  A worm zombie (D:5)
  An adder skeleton (D:7)
  2 worms
  4 dart slugs
  4 leopard geckos
  22 orcs
  A ball python (D:3)
  4 giant cockroaches
  7 goblins
  5 hobgoblins
  2 jackals (D:7)
  4 quokkas
  9 bats
  2 frilled lizards
  8 kobolds
  A leopard gecko skeleton (D:2)
  A quokka skeleton (D:8)
  9 rats
157 creatures vanquished.

Notes
Turn   | Place    | Note
-------+----------+-------------------------------------------
     0 | D:1      | OldarM the Minotaur Berserker began the quest for the Orb.
     0 | D:1      | Reached XP level 1. HP: 19/19 MP: 0/0
   149 | D:1      | Reached XP level 2. HP: 16/27 MP: 1/1
   447 | D:1      | Reached ** piety under Trog
   695 | D:1      | Reached XP level 3. HP: 33/33 MP: 2/2
  1092 | D:2      | Found a blossoming altar of Fedhas.
  1341 | D:2      | Reached XP level 4. HP: 37/40 MP: 3/3
  2110 | D:3      | Noticed Merlin's ghost (amateur DsCK)
  2175 | D:3      | Killed Merlin's ghost
  2175 | D:3      | Reached XP level 5. HP: 47/47 MP: 4/4
  2688 | D:4      | Noticed an ogre
  2699 | D:4      | Killed an ogre
  2699 | D:4      | Reached skill level 5 in Fighting
  2699 | D:4      | Reached skill level 5 in Axes
  2699 | D:4      | Reached XP level 6. HP: 56/56 MP: 5/5
  3460 | D:4      | Reached skill level 5 in Armour
  3460 | D:4      | Reached XP level 7. HP: 38/62 MP: 6/6
  3471 | D:4      | Reached *** piety under Trog
  3877 | D:5      | Entered Level 5 of the Dungeon
  4291 | D:5      | Found a sand-covered staircase.
  4434 | D:5      | Reached skill level 5 in Dodging
  4455 | D:5      | Found Nogucvyff's Food Shop.
  4478 | D:5      | Bought a ration for 65 gold pieces
  4570 | D:5      | Found a staircase to the Ecumenical Temple.
  5241 | D:6      | Noticed doot's ghost (novice FoEE)
  5291 | D:6      | Reached XP level 8. HP: 61/71 MP: 7/7
  5522 | D:6      | Killed doot's ghost
  6339 | D:7      | Reached **** piety under Trog
  6566 | D:7      | Reached XP level 9. HP: 72/81 MP: 8/8
  6580 | D:7      | Noticed Dowan
  6650 | D:7      | Noticed Duvessa
  6670 | D:7      | Killed Duvessa
  6673 | D:7      | Killed Dowan
  6688 | D:7      | Noticed Menkaure
  6699 | D:7      | Killed Menkaure
  6946 | D:7      | Noticed a cyclops
  6951 | D:7      | Killed a cyclops
  6982 | D:7      | Got a vibrating bronze amulet
  6983 | D:7      | Identified the amulet "Xilexkim" {Inacc *Corrode rPois rC+} (You found it on level 7 of the Dungeon)
  7114 | D:7      | Found a runed door.
  7357 | D:7      | Noticed Pikel
  7377 | D:7      | Killed Pikel
  7766 | D:7      | Noticed Crazy Yiuf
  7771 | D:7      | Killed Crazy Yiuf
  7829 | D:8      | Noticed a death yak
  7830 | D:8      | Noticed a death yak
  7840 | D:8      | Noticed a death yak
  8584 | D:8      | Found a staircase to the Lair.
  8620 | D:8      | Killed a death yak
  8620 | D:8      | Reached XP level 10. HP: 72/91 MP: 9/9
  8641 | D:8      | Slain by a death yak

Skill      XL: |  1  2  3  4  5  6  7  8  9 |
---------------+----------------------------+-----
Fighting       | 4 5 6 7 9 |  9.6
Axes           | 4 5 6 8 9 |  9.6
Armour         | 3 4 5 6 7 9 |  9.2
Dodging        | 3 4 5 6 8 |  8.4

Action                   |  1- 3 |  4- 6 |  7- 9 | 10-12 || total
-------------------------+-------+-------+-------+-------++-------
Melee: Hand axe          |    88 |    80 |    44 |       ||   212
       Headbutt          |     9 |    16 |    67 |     1 ||    93
       War axe           |       |       |   256 |     3 ||   259
Invok: Berserk           |       |     3 |     9 |       ||    12
Evoke: Wand              |       |       |     2 |       ||     2
  Use: Scroll            |       |       |    10 |       ||    10
       Potion            |       |       |     2 |     1 ||     3
  Eat: Chunk             |     1 |     3 |    15 |       ||    19
       Ration            |       |     2 |     4 |       ||     6
Armor: Animal skin       |     8 |       |       |       ||     8
       Scale mail        |    31 |    20 |    84 |     1 ||   136
Dodge: Dodged            |    54 |    37 |   183 |     2 ||   276
